 Dungeon Crawl Stone Soup version 0.32-a0-683-ge26c5dbc97 (console) character file.

Game seed: 13559128552429029996

48 Richter the Ruffian (level 3, -5/36 HPs)
             Began as a Troll Berserker on Mar 12, 2024.
             Was a Believer of Trog.
             Slain by a gnoll
             ... wielding a +0 club
              (7 damage)
             ... on level 2 of the Dungeon.
             The game lasted 00:11:09 (944 turns).

Richter the Ruffian (Troll Berserker)                Turns: 944, Time: 00:11:13

Health: -5/36      AC:  4    Str: 27    XL:     3   Next: 50%
Magic:  2/2        EV: 10    Int:  3    God:    Trog [**....]
Gold:   8          SH:  0    Dex:  9    Spells: 2/2 levels left

rFire   . .          .
                       - Unarmed
rCold   . . .        (no shield)
rNeg    . . .        a - +0 animal skin
rPois   .            (helmet restricted)
rElec   .            (no cloak)
rCorr   .            (gloves unavailable)
SInv    .            (boots unavailable)
Will    .....        (no amulet)
Stlth   +            (no ring)
HPRegen 1.06/turn    (no ring)
MPRegen 0.08/turn

%: no passive effects
@: no status effects
A: large, unfitting armour, claws 3, regeneration 1, shaggy fur 1, tough skin 1
a: Renounce Religion, Berserk, Trog's Hand


You were on level 2 of the Dungeon.
You worshipped Trog.
Trog was pleased with you.
You visited 1 branch of the dungeon, and saw 2 of its levels.

You collected 8 gold pieces.

Inventory:

Hand Weapons
 e - a +0 dagger
 f - a +0 mace of holy wrath
Armour
 a - a +0 animal skin (worn)
 b - a +0 plate armour
Jewellery
 h - an amulet of regeneration
Scrolls
 d - a scroll of noise {unknown}
 g - a scroll of poison {unknown}
 i - a scroll of identify {unknown}
 j - a scroll of enchant weapon {unknown}
Potions
 c - a potion of degeneration {unknown}
 k - a potion of heal wounds {unknown}


   Skills:
 + Level 2.8 Fighting
 + Level 2.9 Dodging
 + Level 3.7 Unarmed Combat


You had 2 spell levels left.
You didn't know any spells.
Your spell library was empty.

Dungeon Overview and Level Annotations

Branches:
Dungeon (2/15)

Altars:


Innate Abilities, Weirdness & Mutations

You are too large for most types of armour.
You have claws for hands.
Your natural rate of healing is unusually fast.
You are covered in fur. (AC +1)
You have tough skin. (AC +1)


Message History

The rat squeaks loudly.
You hear a shout!
Found a leather armour and a quarterstaff.
The frilled lizard hisses angrily.
The endoplasm hits you but does no damage.
A gnoll comes into view. It is wielding a +0 spear.
The endoplasm freezes you.
You are frozen.
A gnoll comes into view.
It is wielding a +0 whip and quivering a throwing net.
The gnoll shouts!
The endoplasm hits you.
The frilled lizard unfolds its giant frill.
You barely miss the frilled lizard. You claw the frilled lizard.
You kill the frilled lizard!
Trog accepts your kill. The giant cockroach closely misses you.
The gnoll barely misses you. x2; The endoplasm hits you.
You see here a frilled lizard corpse.
The gnoll throws a throwing net.
The throwing net hits you.
You become entangled in the net!
The gnoll hits you with a +0 spear. The gnoll hits you with a +0 club. x2
The giant cockroach bites you but does no damage.
You see here a throwing net.
You struggle against the net.
The gnoll hits you with a +0 spear. The gnoll hits you with a +0 club. x2
The giant cockroach bites you but does no damage.
You tear a large gash into the net.
The gnoll hits you with a +0 spear. The gnoll barely misses you.
The gnoll hits you with a +0 club.
The giant cockroach bites you but does no damage.
You rip the net and break free!
The gnoll barely misses you. The gnoll hits you with a +0 whip!
* * * LOW HITPOINT WARNING * * *
The gnoll closely misses you. The gnoll barely misses you.
The giant cockroach barely misses you.
You claw the gnoll! You claw the gnoll, but do no damage.
The gnoll is almost dead.
The giant cockroach bites you but does no damage.
The gnoll hits you with a +0 whip.
* * * LOW HITPOINT WARNING * * *
The gnoll hits you with a +0 club!
You die...

##########..
#.JB@g.[....
#..ggg..)..#
#..rS......#
#..........#
#..........#
#..........#
#..........#
############


You could see 4 gnolls, an adder, an endoplasm, a giant cockroach and a rat.

Vanquished Creatures
  2 dart slugs (D:1)
  3 endoplasms (D:1)
  A giant cockroach (D:1)
  A goblin (D:1)
  5 hobgoblins (D:1)
  6 jackals (D:1)
  4 quokkas (D:1)
  4 ball pythons (D:1)
  6 bats (D:1)
  3 frilled lizards
  3 kobolds (D:1)
  A rat (D:1)
39 creatures vanquished.

Notes
Turn   | Place    | Note
-------+----------+-------------------------------------------
     0 | D:1      | Richter the Troll Berserker began the quest for the Orb.
     0 | D:1      | Reached XP level 1. HP: 22/22 MP: 0/0
    93 | D:1      | Reached XP level 2. HP: 21/29 MP: 1/1
   266 | D:1      | Reached XP level 3. HP: 36/36 MP: 2/2
   284 | D:1      | Reached ** piety under Trog
   944 | D:2      | Slain by a gnoll

Illustrated notes

Levels and vault maps discovered:
D:1:      minmay_arrival_glassed_features, layout_basic, st_stairs_10,
          minivault_19
D:2:      layout_basic, ebering_ecumenical_altar_webs, uniq_robin,
          uniq_crazy_yiuf_cottage

Action                     || total
---------------------------++-------
  Melee: Unarmed           ||    93
         Punch             ||     2
 Armour: Animal skin       ||    98
  Dodge: Dodged            ||    91

Table legend: (Time is in decaauts)
 A = Elapsed time spent in this place.
 B = Non-inter-level travel time spent in this place.
 C = Inter-level travel time spent in this place.
 D = Time resting spent in this place.
 E = Time spent auto-exploring this place.
 F = Levels seen in this place.
 G = Mean time per level.
                   A        B        C        D        E       F      G
               +--------+--------+--------+--------+--------+-----+--------+
         Total |    937 |    937 |      0 |      0 |    273 |   2 |  468.5 |
       Dungeon |    937 |    937 |      0 |      0 |    273 |   2 |  468.5 |
               +--------+--------+--------+--------+--------+-----+--------+

Top non-repeatable levels by time:
     D:1: 927 daAuts
     D:2: 9 daAuts
